 Dungeon Crawl Stone Soup version 0.31.0-11-ge490571c62 (webtiles) character file.

Game seed: 9047327411908414696

47 qw the Shooter (level 3, 0/20 HPs)
             Began as a Deep Elf Hunter on Feb 3, 2024.
             Killed from afar by Natasha (8 damage)
             ... with a magic dart
             ... on level 2 of the Dungeon.
             The game lasted 00:00:02 (850 turns).

qw the Shooter (Deep Elf Hunter)                     Turns: 850, Time: 00:00:03

Health: 0/20       AC:  7    Str: 10    XL:     3   Next: 48%
Magic:  5/5        EV:  9    Int: 13    God:
Gold:   22         SH:  0    Dex: 18    Spells: 2/2 levels left

rFire   . . .        a - +0 shortbow
rCold   . . .        (shield currently unavailable)
rNeg    . . .        i - +0 scale mail
rPois   .            j - +0 helmet {SInv}
rElec   .            (no cloak)
rCorr   .            (no gloves)
SInv    +            (no boots)
Will    .....        (no amulet)
Stlth   +            (no ring)
HPRegen 0.23/turn    (no ring)
MPRegen 0.09/turn

%: no passive effects
@: no status effects
A: no striking features
a: no special abilities


You were on level 2 of the Dungeon.
You visited 1 branch of the dungeon, and saw 2 of its levels.

You collected 22 gold pieces.


   Skills:
 - Level 1.5 Fighting
 + Level 7.0 Ranged Weapons
 - Level 2.4 Dodging
 - Level 1.2 Stealth


You had 2 spell levels left.
You didn't know any spells.
Your spell library was empty.

Inventory:

Hand Weapons
 a - a +0 shortbow (weapon)
Armour
 i - a +0 scale mail (worn)
 j - a +0 helmet of see invisible (worn)
Scrolls
 e - a scroll of teleportation
Potions
 f - 2 potions of cancellation
 h - a potion of heal wounds

Dungeon Overview and Level Annotations

Branches:
Dungeon (2/15)

Altars:

Annotations:
D:2 Natasha


Message History

The kobold barely misses you.
You shoot an arrow. The arrow hits the kobold!
You kill the kobold!
You start resting.
HP restored.
Things that are here:
a +0 short sword; 2 stones; a kobold corpse You see here a giant cockroach corpse.
A bat comes into view.
You shoot an arrow. The arrow barely misses the bat.
Natasha, Servant of Life and Death comes into view.
You shoot an arrow.
Natasha hisses angrily.
The arrow hits the bat.
You kill the bat!
You shoot an arrow. The arrow closely misses Natasha.
You shoot an arrow. The arrow closely misses Natasha.
You shoot an arrow. The arrow misses Natasha.
Natasha claws you.
You shoot an arrow. The arrow hits Natasha.
Natasha is moderately wounded.
Natasha claws you.
You shoot an arrow. The arrow completely misses Natasha.
Natasha misses you.
Natasha howls an incantation.
You feel troubled. Natasha claws you.
You shoot an arrow. The arrow misses Natasha.
Natasha completely misses you.
You shoot an arrow. The arrow barely misses Natasha.
Natasha stares at you and mumbles some strange words.
You resist with some effort. Natasha claws you but does no damage.
You shoot an arrow. The arrow closely misses Natasha.
Natasha claws you.
You shoot an arrow. The arrow hits Natasha!
Natasha is almost dead.
Natasha stares at you and mumbles some strange words.
The magic dart hits you!
You die...
Natasha curls up and begins to purr.

..#.......#
..........###
#.#..#.......
#.##.#.......
#.#..........
#.#.#(.......
#.#.#h....... #
######.#)%@.......
#.
#.......)#.#.###..
#.#####.##.....#.#
# #.......
#.....#.# .......#
#.....#.## .......#
#.........
.......###....##.##
.......'......##.#
.......###....# #


You could see Natasha.

Vanquished Creatures
  Natasha (D:2)
  3 ball pythons (D:1)
  An endoplasm (D:1)
  3 giant cockroaches
  2 goblins (D:1)
  2 hobgoblins
  4 bats
  A frilled lizard (D:1)
  4 kobolds
21 creatures vanquished.

Notes
Turn   | Place    | Note
-------+----------+-------------------------------------------
     0 | D:1      | qw the Deep Elf Hunter began the quest for the Orb.
     0 | D:1      | Reached XP level 1. HP: 12/12 MP: 3/3
     0 | D:1      | 0 ||| qw: Version: 0.3-a-157-g843a77d
     0 | D:1      | 0 ||| qw: Game counter: 3941
     0 | D:1      | 0 ||| qw: Melee chars always use a shield: true
     0 | D:1      | 0 ||| qw: God list: Okawaru
     0 | D:1      | 0 ||| qw: Allow faded altars: false
     0 | D:1      | 0 ||| qw: Do Orc after clearing Dungeon:15 true
     0 | D:1      | 0 ||| qw: Do second Lair branch before Depths: true
     0 | D:1      | 0 ||| qw: Lair rune preference: random
     0 | D:1      | 0 ||| qw: Goals: Normal
     0 | D:1      | 0 ||| PLANNING D:1-11
   300 | D:1      | Reached XP level 2. HP: 16/16 MP: 4/4
   343 | D:1      | Reached skill level 6 in Ranged Weapons
   627 | D:1      | 627 ||| UPGRADING to +0 scale mail.
   637 | D:1      | 637 ||| DROPPING +0 leather armour.
   638 | D:1      | 638 ||| UPGRADING to +0 helmet of see invisible.
   643 | D:1      | 643 ||| READING 3 scrolls labelled ABREMA IXZISU.
   643 | D:1      | 643 ||| IDENTIFYING cyan potion
   644 | D:1      | 644 ||| READING 2 scrolls of identify.
   644 | D:1      | 644 ||| IDENTIFYING 2 viscous green potions
   645 | D:1      | 645 ||| READING scroll of identify.
   645 | D:1      | 645 ||| IDENTIFYING scroll labelled OFAPAKL DUSAUR
   646 | D:1      | 646 ||| READING scroll labelled OMUL EXOLETET.
   647 | D:1      | 647 ||| DROPPING scroll of butterflies.
   744 | D:2      | Noticed Natasha
   753 | D:2      | Killed Natasha
   754 | D:2      | Reached XP level 3. HP: 11/20 MP: 5/5
   819 | D:2      | Reached skill level 7 in Ranged Weapons
   840 | D:2      | Noticed Natasha
   850 | D:2      | Killed from afar by Natasha

Levels and vault maps discovered:
D:1:      scummos_arrival_gate, layout_loops_ring, minmay_misc_feat_room
D:2:      layout_basic, uniq_natasha

Skill      XL: |  1  2  3 |
---------------+----------+-----
Ranged Weapons | 6 7 |  7.0
Fighting       | |  1.5
Dodging        | |  2.4
Stealth        | |  1.2

Action                     || total
---------------------------++-------
   Fire: Shortbow          ||    65
    Use: Scroll            ||     4
 Armour: Leather armour    ||     5
         Scale mail        ||    18
  Dodge: Dodged            ||    17

Table legend:
 A = Non-vault XP
 B = Vault XP
 C = Vault XP percentage of total XP
 D = Non-vault monster count
 E = Vault monster count
 F = Vault count percentage of total count
                 A         B        C        D         E       F
            +---------+---------+-------+---------+---------+-------
      Total |      32 |      36 |  52.9 |      20 |       1 |   4.8
            +---------+---------+-------+---------+---------+-------
        D:1 |      21 |       0 |   0.0 |      14 |       0 |   0.0
        D:2 |      11 |      36 |  76.6 |       6 |       1 |  14.3
            +---------+---------+-------+---------+---------+-------
